| TOP OF THE 1ST |
|
Texas Rangers batting - Pitching for Houston Astros : RHP Shane Walker
|
|
Pitching: RHP Shane Walker
|
|
|
Batting: LHB Da Vo
|
0-0: Fly out, F4 (Popup, 4, EV 71.2 MPH)
|
|
Batting: RHB David Casas
|
0-0: Ground out 6-3 (Groundball, 6, EV 85.0 MPH)
|
|
Batting: SHB Jun Tsuda
|
0-0: Fly out, F6 (Flyball, 6D, EV 95.0 MPH)
|
| Top of the 1st over - 0 runs, 0 hits, 0 errors, 0 left on base; Texas 0 - Houston 0 |
| BOTTOM OF THE 1ST |
|
Houston Astros batting - Pitching for Texas Rangers : RHP Kelly Goosecock
|
|
Pitching: RHP Kelly Goosecock
|
|
|
Batting: RHB Matt Thompson
|
0-0: Called Strike 0-1: Ball 1-1: Ball 2-1: Swinging Strike 2-2: Strikes out swinging
|
|
Batting: SHB Joe Gardner
|
0-0: Foul Ball, location: 2F 0-1: Foul Ball, location: 2F 0-2: Ball 1-2: Strikes out swinging
|
|
Batting: SHB Addick de Vries
|
0-0: Called Strike 0-1: Ball 1-1: Swinging Strike 1-2: Foul Ball, location: 2F 1-2: Fly out, F7 (Flyball, 7LS, EV 90.0 MPH)
|
| Bottom of the 1st over - 0 runs, 0 hits, 0 errors, 0 left on base; Texas 0 - Houston 0 |
| TOP OF THE 2ND |
|
Texas Rangers batting - Pitching for Houston Astros : RHP Shane Walker
|
|
Batting: RHB Rich Stinson
|
0-0: Ground out 5-3 (Groundball, 56, EV 106.2 MPH)
|
|
Batting: RHB Bert Clark
|
0-0: Fly out, F8 (Line Drive, 8LD, EV 96.9 MPH)
|
|
Batting: SHB Vince Ealy
|
0-0: Fly out, F9 (Flyball, 89S, EV 83.1 MPH)
|
| Top of the 2nd over - 0 runs, 0 hits, 0 errors, 0 left on base; Texas 0 - Houston 0 |
| BOTTOM OF THE 2ND |
|
Houston Astros batting - Pitching for Texas Rangers : RHP Kelly Goosecock
|
|
Batting: RHB Danny Dyer
|
0-0: Ball 1-0: Foul Ball, location: 2F 1-1: DOUBLE (Line Drive, 7LS, EV 105.0 MPH)
|
|
Batting: LHB Ian Jarvis
|
0-0: Ball 1-0: Ball 2-0: Swinging Strike 2-1: Swinging Strike 2-2: Strikes out looking
|
|
Batting: LHB Bryce Hill
|
0-0: Called Strike 0-1: Swinging Strike 0-2: Strikes out swinging
|
|
Batting: LHB Bob Myers
|
0-0: Foul Ball, location: 2F 0-1: SINGLE (Line Drive, 9S, EV 110.0 MPH) Danny Dyer to third Runner from 3rd tries for Home, SAFE, throw by RF to home
|
|
Batting: RHB Jeremy Trump
|
0-0: Ball 1-0: Ball 2-0: SINGLE (Line Drive, 9LS, EV 106.9 MPH) Bob Myers to second Runner from 2nd tries for 3rd, OUT! 9-5
|
| Bottom of the 2nd over - 1 run, 3 hits, 0 errors, 1 left on base; Texas 0 - Houston 1 |
| TOP OF THE 3RD |
|
Texas Rangers batting - Pitching for Houston Astros : RHP Shane Walker
|
|
Batting: LHB Johan de Vries
|
0-0: Ball 1-0: Called Strike 1-1: Ball 2-1: SINGLE (Flyball, 89S, EV 86.2 MPH)
|
|
Batting: RHB Edwin Madrid
|
0-0: Called Strike 0-1: Foul Ball, location: 2F 0-2: Ball 1-2: Ball 2-2: SINGLE (Groundball, 56, EV 98.1 MPH) Johan de Vries to second
|
|
Batting: RHB Zhao-ji Chi
|
0-0: Ball 1-0: Swinging Strike 1-1: Grounds into double play, 5-4-3 (Groundball, 5, EV 90.0 MPH) Johan de Vries to third
|
|
Batting: LHB Da Vo
|
0-0: SINGLE (Line Drive, 5L, EV 101.2 MPH) Johan de Vries scores
|
|
Batting: RHB David Casas
|
0-0: Called Strike 0-1: Called Strike 0-2: Ball 1-2: Ground out 6-3 (Groundball, P, EV 93.1 MPH)
|
| Top of the 3rd over - 1 run, 3 hits, 0 errors, 1 left on base; Texas 1 - Houston 1 |
| BOTTOM OF THE 3RD |
|
Houston Astros batting - Pitching for Texas Rangers : RHP Kelly Goosecock
|
|
Batting: SHB Nate Kopchak
|
0-0: Ball 1-0: Swinging Strike 1-1: Ground out U3 (Groundball, 3, EV 79.4 MPH)
|
|
Batting: RHB Matt Thompson
|
0-0: Ball 1-0: Called Strike 1-1: Bunt for hit to 15 - play at first, batter OUT! 1-3
|
|
Batting: SHB Joe Gardner
|
0-0: Ball 1-0: Called Strike 1-1: Called Strike 1-2: Foul Ball, location: 2F 1-2: Strikes out swinging
|
| Bottom of the 3rd over - 0 runs, 0 hits, 0 errors, 0 left on base; Texas 1 - Houston 1 |
| TOP OF THE 4TH |
|
Texas Rangers batting - Pitching for Houston Astros : RHP Shane Walker
|
|
Batting: SHB Jun Tsuda
|
0-0: Ball 1-0: Ball 2-0: Swinging Strike 2-1: Ball 3-1: Base on Balls
|
|
Batting: RHB Rich Stinson
|
0-0: Called Strike 0-1: Ball 1-1: Ball 2-1: Ball 3-1: Called Strike Jun Tsuda steals 2nd, throwing error, E2 Jun Tsuda to third 3-2: Foul Ball, location: 2F 3-2: SINGLE (Line Drive, 9LS, EV 106.9 MPH) Jun Tsuda scores
|
|
Batting: RHB Bert Clark
|
0-0: Ball 1-0: Called Strike 1-1: Called Strike 1-2: Strikes out swinging
|
|
Batting: SHB Vince Ealy
|
0-0: Ball 1-0: Called Strike Rich Stinson steals 2nd base 1-1: Fly out, F9 (Line Drive, 9, EV 90.6 MPH) Runner from 2nd tags up, SAFE at 3rd with throw by RF
|
|
Batting: LHB Johan de Vries
|
0-0: Ball 1-0: Ground out 1-3 (Groundball, 13S, EV 73.1 MPH)
|
| Top of the 4th over - 1 run, 1 hit, 1 error, 1 left on base; Texas 2 - Houston 1 |
| BOTTOM OF THE 4TH |
|
Houston Astros batting - Pitching for Texas Rangers : RHP Kelly Goosecock
|
|
Batting: SHB Addick de Vries
|
0-0: Foul Ball, location: 2F 0-1: Foul Ball, location: 2F 0-2: Foul Ball, location: 2F 0-2: Fly out, F7 (Flyball, 7D, EV 108.1 MPH)
|
|
Batting: RHB Danny Dyer
|
0-0: Called Strike 0-1: SOLO HOME RUN (Flyball, 7D, EV 103.8 MPH), Distance : 397 ft
|
|
Batting: LHB Ian Jarvis
|
0-0: Called Strike 0-1: Ball 1-1: Ball 2-1: Foul Ball, location: 2F 2-2: Strikes out swinging, 2-3 out at first.
|
|
Batting: LHB Bryce Hill
|
0-0: Fly out, F7 (Flyball, 7LS, EV 76.2 MPH)
|
| Bottom of the 4th over - 1 run, 1 hit, 0 errors, 0 left on base; Texas 2 - Houston 2 |
| TOP OF THE 5TH |
|
Texas Rangers batting - Pitching for Houston Astros : RHP Shane Walker
|
|
Batting: RHB Edwin Madrid
|
0-0: Ball 1-0: Fly out, F8 (Flyball, 8LM, EV 84.4 MPH)
|
|
Batting: RHB Zhao-ji Chi
|
0-0: Called Strike 0-1: Ball 1-1: DOUBLE (Line Drive, 5D, EV 105.0 MPH)
|
|
Batting: LHB Da Vo
|
0-0: Swinging Strike 0-1: Foul Ball, location: 2F 0-2: Ground out 4-3 (Groundball, 4, EV 103.8 MPH) Zhao-ji Chi to third
|
|
Batting: RHB David Casas
|
0-0: Called Strike 0-1: Ball 1-1: Foul Ball, location: 2F 1-2: Ball 2-2: Foul Ball, location: 2F 2-2: Foul Ball, location: 2F 2-2: Ball 3-2: SINGLE (Flyball, 89S, EV 92.5 MPH) Zhao-ji Chi scores
|
|
Batting: SHB Jun Tsuda
|
0-0: Called Strike 0-1: Called Strike 0-2: Foul Ball, location: 2F 0-2: Ground out 4-3 (Groundball, 34, EV 88.8 MPH)
|
| Top of the 5th over - 1 run, 2 hits, 0 errors, 1 left on base; Texas 3 - Houston 2 |
| BOTTOM OF THE 5TH |
|
Houston Astros batting - Pitching for Texas Rangers : RHP Kelly Goosecock
|
|
Batting: LHB Bob Myers
|
0-0: Ball 1-0: Ball 2-0: Fly out, F7 (Flyball, 7LM, EV 106.2 MPH)
|
|
Batting: RHB Jeremy Trump
|
0-0: Called Strike 0-1: Swinging Strike 0-2: Strikes out looking
|
|
Batting: SHB Nate Kopchak
|
0-0: Ball 1-0: Ground out 5-3 (Groundball, 56S, EV 72.5 MPH)
|
| Bottom of the 5th over - 0 runs, 0 hits, 0 errors, 0 left on base; Texas 3 - Houston 2 |
| TOP OF THE 6TH |
|
Texas Rangers batting - Pitching for Houston Astros : RHP Shane Walker
|
|
Batting: RHB Rich Stinson
|
0-0: Called Strike 0-1: SINGLE (Groundball, 6MD, EV 100.6 MPH)
|
|
Batting: RHB Bert Clark
|
0-0: Ball 1-0: DOUBLE (Line Drive, 8LD, EV 98.8 MPH) Rich Stinson to third
|
|
Batting: SHB Vince Ealy
|
0-0: Ball 1-0: Ball 2-0: Ball 3-0: Called Strike 3-1: Foul Ball, location: 2F 3-2: Base on Balls
|
|
Batting: LHB Johan de Vries
|
0-0: Ball 1-0: Called Strike 1-1: Ball 2-1: DOUBLE (Groundball, 3L, EV 106.2 MPH) Rich Stinson scores Bert Clark scores Vince Ealy to third
|
|
Pitching: RHP Arturo Vargas
|
|
|
Batting: RHB Edwin Madrid
|
0-0: Called Strike 0-1: Ball 1-1: Foul Ball, location: 2F 1-2: Ground out 6-3 (Groundball, 6, EV 86.2 MPH)
|
|
Batting: RHB Zhao-ji Chi
|
0-0: Ball 1-0: SINGLE (Groundball, 56, EV 95.6 MPH) Vince Ealy scores Johan de Vries to third Runner from 3rd tries for Home, SAFE, throw by LF to home
|
|
Batting: LHB Da Vo
|
0-0: Called Strike 0-1: Ball 1-1: Ball 2-1: Ball 3-1: Base on Balls Zhao-ji Chi to second
|
|
Batting: RHB David Casas
|
0-0: Called Strike 0-1: Ball 1-1: Fly out, F9 (Flyball, 9S, EV 75.0 MPH)
|
|
Batting: SHB Jun Tsuda
|
0-0: Ball 1-0: Foul Ball, location: 2F 1-1: Foul Ball, location: 2F 1-2: Ball 2-2: Foul Ball, location: 2F 2-2: Fielders Choice at 2nd, 6-4 (Groundball, 4M, EV 90.0 MPH)
|
| Top of the 6th over - 4 runs, 4 hits, 0 errors, 2 left on base; Texas 7 - Houston 2 |
| BOTTOM OF THE 6TH |
|
Houston Astros batting - Pitching for Texas Rangers : RHP Kelly Goosecock
|
|
Batting: RHB Matt Thompson
|
0-0: Ball 1-0: Swinging Strike 1-1: Called Strike 1-2: Ball 2-2: Strikes out swinging
|
|
Batting: SHB Joe Gardner
|
0-0: Swinging Strike 0-1: Ball 1-1: Swinging Strike 1-2: Fly out, F8 (Flyball, 89D, EV 102.5 MPH)
|
|
Batting: SHB Addick de Vries
|
0-0: Called Strike 0-1: Ball 1-1: Ball 2-1: Fly out, F8 (Line Drive, 8RD, EV 91.9 MPH)
|
| Bottom of the 6th over - 0 runs, 0 hits, 0 errors, 0 left on base; Texas 7 - Houston 2 |
| TOP OF THE 7TH |
|
Texas Rangers batting - Pitching for Houston Astros : RHP Arturo Vargas
|
|
Batting: RHB Rich Stinson
|
0-0: Called Strike 0-1: Ball 1-1: Fly out, F8 (Flyball, 8RXD, EV 92.5 MPH)
|
|
Batting: RHB Bert Clark
|
0-0: Called Strike 0-1: Ball 1-1: Ball 2-1: Foul Ball, location: 2F 2-2: Ball 3-2: Base on Balls
|
|
Batting: SHB Vince Ealy
|
0-0: Ball Bert Clark steals 2nd base (no throw) 1-0: Swinging Strike 1-1: Foul Ball, location: 2F 1-2: Ball 2-2: Ball 3-2: Base on Balls
|
|
Batting: LHB Johan de Vries
|
0-0: Called Strike 0-1: Called Strike 0-2: Foul Ball, location: 2F 0-2: Ball 1-2: Foul Ball, location: 2F 1-2: SINGLE (Line Drive, 9S, EV 100.6 MPH) Bert Clark to third Vince Ealy to second
|
|
Pitching: RHP Danny Bustos
|
|
|
Batting: RHB Edwin Madrid
|
0-0: Ball 1-0: Grounds into double play, 4-6-3 (Groundball, 4MS, EV 78.8 MPH)
|
| Top of the 7th over - 0 runs, 1 hit, 0 errors, 2 left on base; Texas 7 - Houston 2 |
| BOTTOM OF THE 7TH |
|
Houston Astros batting - Pitching for Texas Rangers : RHP Kelly Goosecock
|
|
Now at 1B: Johan de Vries
|
|
|
Now at 2B: Alex Sandoval
|
|
|
Batting: RHB Danny Dyer
|
0-0: Called Strike 0-1: Ball 1-1: Ball 2-1: Ball 3-1: Foul Ball, location: 2F 3-2: Fly out, F6 (Popup, P, EV 71.9 MPH)
|
|
Batting: LHB Ian Jarvis
|
0-0: Swinging Strike 0-1: Foul Ball, location: 2F 0-2: Ball 1-2: Strikes out looking
|
|
Batting: LHB Bryce Hill
|
0-0: Ball 1-0: Called Strike 1-1: Swinging Strike 1-2: Strikes out swinging
|
| Bottom of the 7th over - 0 runs, 0 hits, 0 errors, 0 left on base; Texas 7 - Houston 2 |
| TOP OF THE 8TH |
|
Texas Rangers batting - Pitching for Houston Astros : RHP Danny Bustos
|
|
Batting: RHB Zhao-ji Chi
|
0-0: Called Strike 0-1: Ball 1-1: Swinging Strike 1-2: DOUBLE (Line Drive, 3D, EV 94.4 MPH)
|
|
Batting: LHB Da Vo
|
0-0: Called Strike 0-1: Hit by Pitch
|
|
Batting: RHB Alex Sandoval
|
0-0: Called Strike 0-1: Reached on error, E5 (Groundball, 5S, EV 43.8 MPH) Zhao-ji Chi scores Da Vo to third
|
|
Batting: SHB Jun Tsuda
|
0-0: Ball 1-0: Foul Ball, location: 2F 1-1: Ball 2-1: Ground out 6-3 (Groundball, 6MS, EV 66.2 MPH) Da Vo scores Alex Sandoval to third
|
|
Pinch Hitting: RHB Casey Semenza
|
0-0: Ball 1-0: Foul Ball, location: 2F 1-1: Swinging Strike 1-2: Ball 2-2: Ground out 6-3 (Groundball, 6, EV 81.9 MPH) Alex Sandoval scores
|
|
Batting: RHB Bert Clark
|
0-0: Foul Ball, location: 2F 0-1: Swinging Strike 0-2: Ground out U3 (Groundball, 3, EV 101.9 MPH)
|
| Top of the 8th over - 3 runs, 1 hit, 1 error, 0 left on base; Texas 10 - Houston 2 |
| BOTTOM OF THE 8TH |
|
Houston Astros batting - Pitching for Texas Rangers : RHP Kelly Goosecock
|
|
Now in LF: Casey Semenza
|
|
|
Now in RF: Bert Clark
|
|
|
Batting: LHB Bob Myers
|
0-0: Ball 1-0: Fly out, F5 (Popup, 6, EV 65.0 MPH)
|
|
Batting: RHB Jeremy Trump
|
0-0: Ball 1-0: Ball 2-0: Fly out, F5 (Flyball, 5D, EV 86.9 MPH)
|
|
Batting: SHB Nate Kopchak
|
0-0: Ball 1-0: Ball 2-0: Ball 3-0: Base on Balls
|
|
Batting: RHB Matt Thompson
|
0-0: Ball 1-0: Foul Ball, location: 2F 1-1: Foul Ball, location: 2F 1-2: Ball 2-2: Strikes out swinging
|
| Bottom of the 8th over - 0 runs, 0 hits, 0 errors, 1 left on base; Texas 10 - Houston 2 |
| TOP OF THE 9TH |
|
Texas Rangers batting - Pitching for Houston Astros : RHP Danny Bustos
|
|
Batting: SHB Vince Ealy
|
0-0: Ball 1-0: Called Strike 1-1: SINGLE (Groundball, 25, EV 66.2 MPH) (infield hit)
|
|
Batting: LHB Johan de Vries
|
0-0: SINGLE (Line Drive, 6MD, EV 99.4 MPH) Vince Ealy to second
|
|
Batting: RHB Edwin Madrid
|
0-0: Called Strike 0-1: Ball 1-1: Ball 2-1: Ball 3-1: Grounds into double play, 4-6-3 (Groundball, 4, EV 92.5 MPH) Vince Ealy to third
|
|
Batting: RHB Zhao-ji Chi
|
0-0: Foul Ball, location: 2F 0-1: Ball 1-1: Ground out 1-3 (Groundball, 13, EV 65.0 MPH)
|
| Top of the 9th over - 0 runs, 2 hits, 0 errors, 1 left on base; Texas 10 - Houston 2 |
| BOTTOM OF THE 9TH |
|
Houston Astros batting - Pitching for Texas Rangers : RHP Kelly Goosecock
|
|
Pitching: RHP Hector Aguado
|
|
|
Pinch Hitting: RHB Trevor Mock
|
0-0: Ball 1-0: SINGLE (Groundball, 6MD, EV 96.9 MPH)
|
|
Batting: SHB Addick de Vries
|
0-0: Ball 1-0: Foul Ball, location: 2F 1-1: Foul Ball, location: 2F 1-2: Strikes out swinging
|
|
Batting: RHB Danny Dyer
|
0-0: Ball Wild Pitch! Trevor Mock to second 1-0: Fly out, F8 (Line Drive, 8LD, EV 105.0 MPH)
|
|
Batting: LHB Ian Jarvis
|
0-0: Called Strike 0-1: Ball 1-1: Ball 2-1: Called Strike 2-2: SINGLE (Line Drive, 89S, EV 103.1 MPH) Trevor Mock to third
|
|
Batting: LHB Bryce Hill
|
0-0: Fly out, F6 (Flyball, 6D, EV 83.8 MPH)
|
| Bottom of the 9th over - 0 runs, 2 hits, 0 errors, 2 left on base; Texas 10 - Houston 2 |
|